AoeStats
← [KOF] Ludemaro

Arena

510185506Analyzed
1v1 RM · 1d ago on Sep 29, 2026· 36m 22s· 2 players
Game mode
Random Map
Map size
Tiny (2 player)
Population
200
Speed
Normal
Resources
Standard
Victory
Conquest
Starting age
Dark Age
Ending age
Imperial Age
RankedLock teamsTeams togetherTeam positionsShared explorationLock speedFull tech treeHidden civsTurbo modeCheats
Victory
Defeat
🇦🇷 Turks · Argentina
1217
+15
🇪🇸 Persians · Spain
1201
-15
vivero
10:37 Feudal Age
10:59 Loom
12:25 Double-Bit Axe
14:54 Castle Age
13:34 Scale Barding Armor
13:40 Forging
14:44 Town Watch
15:59 Iron Casting
22:46 Chain Barding Armor
29:38 Gold Mining
32:44 Scale Mail Armor
32:10 Pikeman
[KOF] Ludemaro
11:08 Feudal Age
12:41 Loom
15:37 Castle Age
13:55 Double-Bit Axe
14:44 Horse Collar
14:59 Gold Mining
17:34 Bow Saw
21:53 Padded Archer Armor
25:37 Fletching
32:07 Imperial Age
30:18 Wheelbarrow
31:06 Husbandry
31:17 Bloodlines
31:45 Scale Barding Armor
33:14 Chain Barding Armor
34:00 Hand Cart
33:31 Town Watch
Connection lost

Rejoining the realm…

Still unreachable

The connection could not be restored.

Session expired

The server has moved on; the page needs a fresh start.